 Dungeon Crawl Stone Soup version 0.18.1-50-g88ac8fd (webtiles) character file.

66 ololoev the Magician (level 3, -16/19 HPs)
             Began as a Deep Elf Earth Elementalist on Dec 6, 2016.
             Was an Initiate of Vehumet.
             Demolished by an ogre
             ... wielding a +0 giant club
              (23 damage)
             ... on level 5 of the Dungeon.
             The game lasted 00:04:53 (553 turns).

ololoev the Magician (Deep Elf Earth Elementalist)   Turns: 553, Time: 00:04:53

Health: -16/19     AC:  2    Str:  5    XL:     3   Next: 96%
Magic:  0/11       EV: 13    Int: 20    God:    Vehumet [......]
Gold:   58         SH:  0    Dex: 15    Spells: 3 memorised, 5 levels left

rFire  . . .     SeeInvis .     (no weapon)
rCold  . . .     Gourm    .     a - +0 robe
rNeg   . . .     Faith    .     (no shield)
rPois  .         Spirit   .     (no helmet)
rElec  .         Dismiss  .     (no cloak)
rCorr  .         Reflect  .     (no gloves)
SustAt +         Harm     .     (no boots)
MR     .....                    (no amulet)
Stlth  ++........               (no ring)
                                n - ring of sustain attributes

@: very slightly contaminated, not resistant to hostile enchantments, unstealthy
A: no striking features
a: Renounce Religion

Inventory:

Armour
 a - a +0 robe (worn)
Jewellery
 n - a ring of sustain attributes (left hand)
Scrolls
 e - 3 scrolls of remove curse {unknown}
 h - 2 scrolls of recharging {unknown}
 k - a scroll of teleportation {unknown}
 l - a scroll of enchant armour {unknown}
Potions
 g - a potion of cure mutation {unknown}
 m - 3 potions of curing {unknown}
Books
 c - a book of Geomancy

   Spells                             Type                      Level
   a - Sandblast                      Earth                        1
   b - Passwall                       Transmutation/Earth          2
   c - Stone Arrow                    Conjuration/Earth            3
   d - Petrify                        Transmutation/Earth          4
   e - Lee's Rapid Deconstruction     Earth                        5
Comestibles
 d - 2 bread rations
 f - a royal jelly
 i - 3 fruits
 j - a slice of pizza


   Skills:
 - Level 2.4 Dodging
 - Level 2.4 Stealth
 * Level 4.6 Spellcasting
 * Level 1.3 Conjurations
 - Level 1.1 Transmutations
 + Level 4.1 Earth Magic


You had 5 spell levels left.
You knew the following spells:

 Your Spells              Type           Power        Failure   Level  Hunger
a - Sandblast             Erth           ###...       2%          1    None
b - Stone Arrow           Conj/Erth      ###...       14%         3    ##.....
w - Passwall              Trmt/Erth      ###.......   10%         2    #......


You were on level 5 of the Dungeon.
You worshipped Vehumet.
Vehumet was noncommittal.
You were not hungry.

You visited 2 branches of the dungeon, and saw 6 of its levels.

You collected 58 gold pieces.

####........####...#....#.#.# ...
.................#.#.#..#.#.#....
####........####.#.#.#..#.#......
#........####.#.#.#..#.#......
#.............#........#......
#######.......#.....#.Z#......
#.......#.....#.<#......
....#####O#.#.#.#.##...... .....
#@#.#.#........... ...... #.#
#.###.###..... ...... #.# #..
..... #.# ... #.# ... ... ...

Notes
Turn   | Place    | Note
--------------------------------------------------------------
     0 | D:1      | ololoev the Deep Elf Earth Elementalist began the quest for the Orb.
     0 | D:1      | Reached XP level 1. HP: 10/10 MP: 6/6
   102 | D:3      | Reached XP level 2. HP: 8/15 MP: 0/8
   171 | D:3      | Found an oddly glowing altar of Pakellas.
   212 | D:4      | Reached XP level 3. HP: 18/19 MP: 4/10
   216 | D:4      | Learned a level 2 spell: Passwall
   220 | D:4      | Learned a level 3 spell: Stone Arrow
   244 | D:4      | Found a staircase to the Ecumenical Temple.
   255 | Temple   | Entered the Ecumenical Temple
   288 | Temple   | Became a worshipper of Vehumet
   372 | D:5      | Entered Level 5 of the Dungeon
   455 | D:5      | Noticed an ogre
   462 | D:5      | Reached skill level 1 in Conjurations
   553 | D:5      | Demolished by an ogre

Dungeon Overview and Level Annotations

Branches:
Dungeon (5/15)             Temple (1/1) D:4

Altars:
Cheibriados
Dithmenos
Fedhas
Okawaru
Pakellas
Qazlal
Ru
Sif Muna
Trog
Vehumet
Xom
Zin
The Shining One


Message History

The adder bites you but does no damage. The adder bites you.
Casting: Stone Arrow
Confirm with . or Enter, or press ? or * to list all spells.
Aiming: Stone Arrow
Press: ? - help, Shift-Dir - straight line, f - adder
Aim: an adder You miscast Stone Arrow.
You are very lightly contaminated with residual magic.
Nothing appears to happen.
The adder bites you.
Casting: Stone Arrow
Confirm with . or Enter, or press ? or * to list all spells.
Aiming: Stone Arrow
Press: ? - help, Shift-Dir - straight line, f/p - adder
Aim: an adder The stone arrow hits the adder.
You kill the adder!
Vehumet accepts your kill.
Your Conjurations skill increases to level 1!
Casting: Stone Arrow
Confirm with . or Enter, or press ? or * to list all spells.
Which direction?
This rock feels extremely deep.
Unknown command.
Unknown command.
Unknown command.
A centaur zombie comes into view.
Found a stone staircase leading up.
Your magical contamination has completely faded away.
Casting: Passwall
Confirm with . or Enter, or press ? or * to list all spells.
Aiming: Stone Arrow
Press: ? - help, Shift-Dir - straight line, f - ogre
Aim: an ogre, wielding a giant club The stone arrow misses the ogre.
The ogre barely misses you.
Casting: Stone Arrow
Confirm with . or Enter, or press ? or * to list all spells.
Aiming: Stone Arrow
Press: ? - help, Shift-Dir - straight line, f/p - ogre
Aim: an ogre, wielding a giant club The stone arrow hits the ogre.
The ogre is heavily wounded.
The ogre hits you with a giant club!
Ouch! That really hurt!
Casting: Stone Arrow
Confirm with . or Enter, or press ? or * to list all spells.
Aiming: Stone Arrow
Press: ? - help, Shift-Dir - straight line, f/p - ogre
Aim: an ogre, wielding a giant club (heavily wounded)
The stone arrow hits the ogre.
The ogre is almost dead.
The ogre closely misses you.
Casting: Stone Arrow
Confirm with . or Enter, or press ? or * to list all spells.
You can't see any susceptible monsters within range! (Use Z to cast anyway.)
Casting: Stone Arrow
Confirm with . or Enter, or press ? or * to list all spells.
Aiming: Stone Arrow
Press: ? - help, Shift-Dir - straight line, f/p - ogre
Aim: an ogre, wielding a giant club (almost dead)
You miscast Stone Arrow.
You are very lightly contaminated with residual magic.
You feel a surge of energy from the ground.
The ogre barely misses you.
Casting: Stone Arrow
Confirm with . or Enter, or press ? or * to list all spells.
Aiming: Sandblast
Press: ? - help, Shift-Dir - straight line, f/p - ogre
Aim: an ogre, wielding a giant club (almost dead)
The blast of sand misses the ogre.
Casting: Sandblast
Confirm with . or Enter, or press ? or * to list all spells.
Aiming: Sandblast
Press: ? - help, Shift-Dir - straight line, f/p - ogre
Aim: an ogre, wielding a giant club (almost dead)
The blast of sand hits the ogre.
The ogre is almost dead.
The ogre hits you with a giant club!!
Ouch! That really hurt!
You die...

You could see an ogre.

Vanquished Creatures
  A worker ant (D:5)
  3 adders
  3 giant geckos
  2 giant cockroaches (D:4)
  2 hobgoblins (D:3)
  3 bats
  A goblin (D:1)
  A kobold (D:3)
  A rat (D:3)
17 creatures vanquished.

Action                   || total
-------------------------++-------
 Cast: Sandblast         ||    22
       Stone Arrow       ||     5
       Passwall          ||     1
Armor: Robe              ||     3
Dodge: Dodged            ||    10

Vault maps used:
D:1:      grunt_arrival_lava_bath, serial_forest, infiniplex_forest_straight_2,
          infiniplex_forest_end_3, infiniplex_forest_lined_3,
          infiniplex_forest_lined_room_2, infiniplex_forest_clump_cross,
          infiniplex_forest_clump_small, infiniplex_forest_corner_2
D:2:      uniq_iyjb
D:3:      first_bread, hangedman_decor_points, grunt_pakellas_salt
D:4:      gammafunk_temple_overflow_claw, minmay_temple_entry_large_hall,
          kennysheep_path_1
D:5:      lemuel_ice_spiral_2
Temple:   zaba_magenta_temple_12
